 Dungeon Crawl Stone Soup version 0.29.1-1-gd02db6906a (webtiles) character file.

Game seed: 13165372122024064230

31 warriortoast the Firebug (level 3, -2/19 HPs)
             Began as a Deep Elf Fire Elementalist on Sept 22, 2022.
             Slain by Crazy Yiuf
             ... wielding a +2 quarterstaff of chaos
              (6 damage)
             ... on level 2 of the Dungeon.
             The game lasted 00:03:54 (1915 turns).

warriortoast the Firebug (DEFE)                     Turns: 1915, Time: 00:03:54

Health: -2/19      AC:  3    Str:  5    XL:     3   Next: 7%
Magic:  8/10       EV: 12    Int: 21    God:
Gold:   61         SH:  0    Dex: 15    Spells: 6/9 levels left

rFire   . . .      SeeInvis .   (no weapon)
rCold   . . .      Faith    .   (no shield)
rNeg    . . .      Spirit   .   a - +0 robe
rPois   .          Reflect  .   (no helmet)
rElec   .          Harm     .   (no cloak)
rCorr   .          Rampage  .   i - +0 pair of gloves
Will    .....                   (no boots)
Stlth   ++........              (no amulet)
HPRegen 0.06/turn               (no ring)
MPRegen 0.12/turn               (no ring)

@: no status effects
A: no striking features
a: no special abilities


You were on level 2 of the Dungeon.
You visited 1 branch of the dungeon, and saw 2 of its levels.

You collected 61 gold pieces.

Inventory:

Armour
 a - a +0 robe (worn)
 f - a +0 buckler
 i - a +0 pair of gloves (worn)
Scrolls
 d - a scroll of vulnerability {unknown}
 e - a scroll of identify {unknown}
 g - a scroll of noise {unknown}
 h - a scroll of poison {unknown}
 k - a scroll of brand weapon {unknown}
 l - a scroll of magic mapping {unknown}
Potions
 b - a potion of magic
 c - a potion of curing {unknown}
 j - a potion of lignification {unknown}


   Skills:
 - Level 2.4 Dodging
 - Level 2.4 Stealth
 + Level 3.7 Spellcasting
 + Level 2.1 Conjurations
 + Level 3.8 Fire Magic


You had 6 spell levels left.
You knew the following spells:

 Your Spells              Type           Power      Damage    Failure   Level
a - Foxfire               Conj/Fire      64%        2x1d7     3%          1
b - Scorch                Fire           38%        2d7       4%          2

Your spell library contained the following spells:

 Spells                   Type           Power      Damage    Failure   Level
 Conjure Flame            Conj/Fire      16%        6-21      11%         3
 Inner Flame              Hex/Fire       11%        N/A       17%         3
 Dazzling Flash           Conj/Hex       16%        N/A       24%         3
 Flame Wave               Conj/Fire      16%        2d7       34%         4
 Iskenderun's Mystic Bla  Conj/Tloc      8%         2d4       61%         4
 Starburst                Conj/Fire      8%         6d4       99%         6


Dungeon Overview and Level Annotations

Branches:
Dungeon (2/15)

Altars:

Annotations:
D:2 Crazy Yiuf


Message History

The jackal misses you. The jackal attacks as you move away!
The jackal misses you. The jackal bites you.
The jackal attacks as you move away! The jackal barely misses you.
The jackal barely misses you. The jackal misses you.
The jackal attacks as you move away!
The jackal bites you but does no damage.
The jackal barely misses you. The jackal attacks as you move away!
The jackal misses you. The jackal attacks as you move away!
The jackal bites you. The jackal bites you.
Casting: Scorch (safe; 4% risk of failure)
Confirm with . or Enter, or press ? or * to list all spells.
Flames lash the jackal.
You kill the jackal!
You start resting.
HP restored.
You start resting.
Magic restored.
An endoplasm comes into view.
An endoplasm is nearby!
You conjure some foxfire!
The endoplasm quivers.
You conjure some foxfire!
The foxfire hits the endoplasm.
You kill the endoplasm!
Your foxfire dissipates!
Your foxfire dissipates! x2
Found a hammer.
Found a runed translucent door.
Crazy Yiuf shouts!
You open the door.
Casting: Foxfire (safe; 3% risk of failure)
Confirm with . or Enter, or press ? or * to list all spells.
Flames lash Crazy Yiuf.
Crazy Yiuf is lightly wounded.
Crazy Yiuf's fire resistance burns away.
Crazy Yiuf hits you with a +2 quarterstaff of chaos!
Ouch! That really hurt!
* * * LOW HITPOINT WARNING * * *
Crazy Yiuf freezes you.
You die...

...###.###.##
#.### ##.#
#.# #.# #...#
##.###.# .#
#.#.#
.......#
##### ###.#
##.#####
#)..# #.#
##.# #...#
#.# .#.# ...
#.# ...###
#g# #.#
.....+ ♣@♣♣
#.# ...###
♣♣.♣ #.# .#.#
♣.♣♣ #.# .#.#
♣♣.♣ #.# #..#
♣♣.♣♣ ###.#
### ♣♣...♣
#...# ♣....♣
#.### #....#
#.# #....#
#.#


You could see Crazy Yiuf (combustible).

Vanquished Creatures
  3 ball pythons (D:1)
  8 endoplasms
  2 giant cockroaches
  3 goblins (D:1)
  A hobgoblin (D:1)
  4 jackals (D:2)
  A quokka (D:1)
  2 frilled lizards (D:1)
  A kobold (D:1)
  A rat (D:1)
26 creatures vanquished.

Vanquished Creatures (others)
  82 foxfires
82 creatures vanquished.

Grand Total: 108 creatures vanquished

Notes
Turn   | Place    | Note
-------+----------+-------------------------------------------
     0 | D:1      | warriortoast the Deep Elf Fire Elementalist began the quest
                  | for the Orb.
     0 | D:1      | Reached XP level 1. HP: 10/10 MP: 6/6
   221 | D:1      | Reached XP level 2. HP: 15/15 MP: 5/8
   249 | D:1      | Found a faded altar of an unknown god.
   607 | D:1      | Learned a level 2 spell: Scorch
  1773 | D:2      | Reached XP level 3. HP: 19/19 MP: 0/10
  1902 | D:2      | Found a runed translucent door.
  1903 | D:2      | Noticed Crazy Yiuf
  1915 | D:2      | Slain by Crazy Yiuf

Illustrated notes

Levels and vault maps discovered:
D:1:      minmay_arrival_plants_in_alcoves, layout_basic,
          basic_ecumenical_altar, hangedman_decor_push
D:2:      layout_loops_corners, minmay_pentomino_t2, uniq_crazy_yiuf_cottage

Skill      XL: |  1  2 |
---------------+-------+-----
Conjurations   | 2 |  2.1
Dodging        | |  2.4
Stealth        | |  2.4
Spellcasting   | |  3.7
Fire Magic     | |  3.8

Action                   || total
-------------------------++-------
 Cast: Foxfire           ||    51
       Scorch            ||     5
Armor: Robe              ||     1
Dodge: Dodged            ||     9
